 Dungeon Crawl Stone Soup version 0.21.1-1-g345015fe64 (webtiles) character file.

839 PENNISLAND the Basher (level 7, 0/57 HPs)
             Began as a Minotaur Fighter on July 1, 2018.
             Was a Follower of Trog.
             Slain by Feydarkin's ghost (6 damage)
             ... on level 4 of the Dungeon.
             The game lasted 00:44:11 (3222 turns).

PENNISLAND the Basher (Minotaur Fighter)            Turns: 3222, Time: 00:44:11

Health: 0/57       AC: 11    Str: 22    XL:     7   Next: 67%
Magic:  6/6        EV:  7    Int:  5    God:    Trog [*.....]
Gold:   105        SH:  9    Dex: 10    Spells: 5/6 levels left

rFire    + + +     SeeInvis .   h - -1 mace (curse)
rCold    x . .     Gourm    .   c - +0 shield
rNeg     + . .     Faith    .   e - +1 fire dragon scales
rPois    .         Spirit   .   (helmet restricted)
rElec    .         Reflect  .   (no cloak)
rCorr    .         Harm     .   j - +0 pair of gloves
MR       .....                  (no boots)
Stlth    ..........             b - amulet of magic regeneration
HPRegen  0.19/turn              k - ring of protection from fire
MPRegen  0.35/turn              r - ring of positive energy

@: about to teleport
A: retaliatory headbutt, horns 2
a: Berserk, Burn Spellbooks, Renounce Religion


You were on level 4 of the Dungeon.
You worshipped Trog.
Trog was aware of your devotion.
You were not hungry.

You visited 1 branch of the dungeon, and saw 4 of its levels.

You collected 105 gold pieces.

Inventory:

Hand Weapons
 a - a +0 flail
 h - a cursed -1 mace (weapon)
 o - a +1 flail
 q - a +0 flail
Missiles
 g - 6 needles of confusion (quivered)
 i - 28 poisoned needles
Armour
 c - a +0 shield (worn)
 e - +1 fire dragon scales (worn)
 j - a +0 pair of gloves (worn)
Jewellery
 b - an amulet of magic regeneration (around neck)
 k - a ring of protection from fire (left hand)
 r - a ring of positive energy (right hand)
Scrolls
 m - 2 scrolls of magic mapping
 n - a scroll of enchant armour
 p - 2 scrolls of teleportation
Comestibles
 f - 8 rations


   Skills:
 - Level 3.6 Fighting
 * Level 10.1 Maces & Flails
 + Level 3.9 Armour
 - Level 0.2 Dodging
 - Level 1.0 Stealth
 + Level 4.1 Shields


You had 5 spell levels left.
You knew the following spells:

 Your Spells              Type           Power        Failure   Level  Hunger
a - Corona                Hex            #......      100%        1    ##.....


Dungeon Overview and Level Annotations

Branches:
Dungeon (4/15)
 Temple: D:4-7

Altars:
Fedhas
Hepliaklqana
Trog
Uskayaw
The Shining One

Annotations:
D:4 Feydarkin's ghost, amateur DrAE


Innate Abilities, Weirdness & Mutations

You reflexively headbutt those who attack you in melee.
You have a pair of horns on your head.


Message History

Feydarkin's ghost is moderately damaged.
Feydarkin's ghost hits you.
* * * LOW HITPOINT WARNING * * *
Your shield prevents you from hitting Feydarkin's ghost.
Your headbutt misses Feydarkin's ghost.
Feydarkin's ghost is moderately damaged.
Feydarkin's ghost hits you but does no damage.
You thump Feydarkin's ghost!
Feydarkin's ghost is heavily damaged.
Feydarkin's ghost casts a spell at you. The zap hits you!
* * * LOW HITPOINT WARNING * * *
Feydarkin's ghost casts a spell at you. The zap misses you.
There is an open door here.
Feydarkin's ghost is nearby!
As you read the scroll of teleportation, it crumbles to dust.
You feel strangely unstable. Feydarkin's ghost hits you.
You die...

#....##..# #.#.## #...
#..#.....# #.#.# #.#.
#....##..# #.#.# #.#.
#.)......#####.#+## #.#.
###.#..###.......>..## #.#.
#.......########(....## #.##
#.8.8)8..## ##.......## #.#.
#.........####.........###...
#..........)@W.....[.........
#......#....##..........##...
#....._#.##.###.......#.###..
#......#.(.#.###.....##..)...
#.........#.## ##...#######.#
#.........### ##'## #..
#.8.8.8.### #.# ### #.......#
#.# ######.## ##.##


You could see Feydarkin's ghost.

Vanquished Creatures
  Grinder (D:3)
  Sigmund (D:3)
  Menkaure (D:4)
  A phantom (D:4)
  Blork the orc (D:4)
  A centaur skeleton (D:4)
  A hound zombie (D:2)
  6 adders
  An ooze (D:4)
  An adder skeleton (D:2)
  A worm (D:2)
  2 dart slugs
  6 leopard geckos
  16 orcs
  A ball python (D:1)
  A bat skeleton (D:2)
  A bat zombie (D:2)
  3 giant cockroaches
  16 goblins
  8 hobgoblins
  4 jackals (D:3)
  4 quokkas (D:2)
  5 bats
  2 frilled lizards (D:2)
  6 kobolds
  6 rats
97 creatures vanquished.

Notes
Turn   | Place    | Note
-------+----------+-------------------------------------------
     0 | D:1      | PENNISLAND the Minotaur Fighter began the quest for the Orb.
     0 | D:1      | Reached XP level 1. HP: 19/19 MP: 0/0
   161 | D:1      | Reached skill level 3 in Maces & Flails
   231 | D:1      | Reached XP level 2. HP: 23/26 MP: 1/1
   853 | D:2      | Reached skill level 4 in Maces & Flails
   898 | D:2      | Reached XP level 3. HP: 30/31 MP: 2/2
  1276 | D:2      | Found a blossoming altar of Fedhas.
  1314 | D:2      | Reached skill level 5 in Maces & Flails
  1316 | D:2      | Reached XP level 4. HP: 30/39 MP: 3/3
  1512 | D:2      | Learned a level 1 spell: Corona
  1595 | D:3      | Noticed Grinder
  1604 | D:3      | Paralysed by Grinder for 6 turns
  1617 | D:3      | Killed Grinder
  1617 | D:3      | Reached skill level 7 in Maces & Flails
  1617 | D:3      | Reached XP level 5. HP: 12/45 MP: 4/4
  1617 | D:3      | Reached XP level 6. HP: 13/51 MP: 5/5
  1893 | D:3      | Found a bloodstained altar of Trog.
  1896 | D:3      | Became a worshipper of Trog the Wrathful
  1959 | D:3      | Noticed Sigmund
  1989 | D:3      | Killed Sigmund
  1989 | D:3      | Reached skill level 8 in Maces & Flails
  1989 | D:3      | Reached skill level 1 in Stealth
  2092 | D:3      | Reached * piety under Trog
  2266 | D:3      | Reached skill level 9 in Maces & Flails
  2266 | D:3      | Reached XP level 7. HP: 54/57 MP: 6/6
  2334 | D:3      | Found a hazy altar of Hepliaklqana.
  2583 | D:4      | Found a glowing golden altar of the Shining One.
  2799 | D:4      | Found a hide-covered altar of Uskayaw.
  2957 | D:4      | Noticed Blork the orc
  2961 | D:4      | Noticed Menkaure
  2968 | D:4      | Killed Blork the orc
  3100 | D:4      | Killed Menkaure
  3100 | D:4      | Reached skill level 10 in Maces & Flails
  3122 | D:4      | Noticed Feydarkin's ghost (amateur DrAE)
  3222 | D:4      | Slain by Feydarkin's ghost

Skill      XL: |  1  2  3  4  5  6  7 |
---------------+----------------------+-----
Maces & Flails | 3 4 5 7 9 10 | 10.1
Stealth        | 1 |  1.0
Shields        | 4 |  4.1
Fighting       | |  3.6
Armour         | |  3.9
Dodging        | |  0.2

Action                   |  1- 3 |  4- 6 |  7- 9 || total
-------------------------+-------+-------+-------++-------
Melee: Flail             |    40 |       |       ||    40
       Headbutt          |    15 |    22 |    15 ||    52
       Mace              |    53 |   123 |    82 ||   258
Invok: Burn Spellbooks   |       |     1 |       ||     1
       Berserk           |       |       |     1 ||     1
  Use: Scroll            |     6 |     1 |     4 ||    11
       Potion            |     4 |       |     5 ||     9
 Stab: Invisible         |     1 |       |       ||     1
  Eat: Chunk             |     1 |       |       ||     1
       Ration            |       |     2 |     1 ||     3
Armor: Ring mail         |     3 |       |       ||     3
       Fire dragon scale |    22 |    55 |    30 ||   107
Dodge: Dodged            |    27 |    20 |    15 ||    62
Block: Shield            |    40 |    51 |    20 ||   111
